 Dungeon Crawl Stone Soup version 0.31-a0-40-g1d5085d191 (webtiles) character file.

Game seed: 15358665807845203101

1633 lunkers the Cleaver (level 9, -2/71 (74) HPs)
             Began as a Meteoran Wanderer on May 17, 2023.
             Was a Follower of Okawaru.
             Slain by a gnoll sergeant
             ... wielding a +2 spear of freezing
              (4 damage)
             ... on level 7 of the Dungeon on May 18, 2023.
             The game lasted 00:14:37 (2196 turns).

lunkers the Cleaver (Meteoran Wanderer)             Turns: 2196, Time: 00:14:37

HP:   -2/71 (74)    AC:  6    Str: 18    XL:     9   Next: 41%
MP:   19/21         EV: 16    Int: 15    God:    Okawaru [*.....]
Gold: 416           SH:  0    Dex: 16    Spells: 9/10 levels left

rFire   . . .        a - +3 war axe (flame)
rCold   . . .        (no shield)
rNeg    . . .        r - +3 leather armour of Boredom {MP+9 Str+3}
rPois   .            (no helmet)
rElec   .            (no cloak)
rCorr   .            (no gloves)
SInv    .            (no boots)
Will    +....        (no amulet)
Stlth   +            (no ring)
HPRegen 0.31/turn    (no ring)
MPRegen 0.17/turn

%: no passive effects
@: lethally poisoned (-2 -> -17), heroic, glowing, studying Axes, lightly
drained
A: sense surroundings 2, otherworldly, glowing, explore regen
a: Renounce Religion, Heroism


You were on level 7 of the Dungeon.
You worshipped Okawaru.
Okawaru was aware of your devotion.
You visited 2 branches of the dungeon, and saw 8 of its levels.

You collected 416 gold pieces.

Inventory:

Hand Weapons
 a - a +3 war axe of flaming (weapon)
Missiles
 b - 4 throwing nets
 q - 5 curare-tipped darts
Armour
 e - a +0 leather armour
 r - the +3 leather armour of Boredom (worn) {MP+9 Str+3}
   (You found it on level 6 of the Dungeon)

   Str:       It affects your strength (+3).
   MP:        It affects your magic capacity (+9).
Wands
 c - a wand of polymorph (4)
 n - a wand of roots (4)
Scrolls
 d - a scroll of teleportation
 f - a scroll of fog
 h - a scroll of fear
 j - a scroll of enchant weapon
 k - a scroll of identify
 l - a scroll of silence
 s - a scroll of enchant armour {unknown}
Potions
 g - a potion of attraction {unknown}
 i - a potion of haste {unknown}
 m - a potion of lignification
 o - a potion of invisibility {unknown}
 p - 3 potions of curing


   Skills:
 + Level 5.0(10.0) Fighting
 - Level 2.4(7.4) Short Blades
 - Level 14.0(19.0) Axes
 + Level 0.0(5.0) Armour
 - Level 3.6(8.6) Dodging
 - Level 1.3 Spellcasting
 - Level 3.6 Hexes
 - Level 2.4 Evocations


You had 9 spell levels left.
You knew the following spells:

 Your Spells              Type           Power      Damage    Failure   Level
p - Slow                  Hex            44%        N/A       6%          1

Your spell library contained the following spells:

 Spells                   Type           Power      Damage    Failure   Level
 Confusing Touch          Hex            11%        N/A       19%         3
 Ensorcelled Hibernation  Hex/Ice        12%        N/A       21%         2
 Sandblast                Erth           2%         2d4       28%         1
 Passwall                 Tmut/Erth      0%         N/A       38%         2
 Gell's Gravitas          Tloc           1%         N/A       63%         3
 Stone Arrow              Conj/Erth      2%         3d7       63%         3
 Swiftness                Air            1%         N/A       63%         3
 Teleport Other           Tloc           1%         N/A       63%         3
 Vhi's Electric Charge    Tloc/Air       2%         N/A       63%         3
 Arcjolt                  Conj/Air       0%         1d10      100%        5
 Dispersal                Tloc           0%         N/A       100%        6
 Maxwell's Capacitive Co  Air            0%         ∞         100%        8


Dungeon Overview and Level Annotations

Branches:
Dungeon (7/15) Zot: 2119   Temple (1/1) D:4 Zot: 473

Altars:
Ashenzari
Cheibriados
Dithmenos
Elyvilon
Gozag
Hepliaklqana
Kikubaaqudgha
Makhleb
Nemelex Xobeh
Okawaru
Qazlal
Ru
Sif Muna
Trog
Uskayaw
Vehumet
Wu Jian
Yredelemnul
Zin

Annotations:
D:4 Duvessa


Innate Abilities, Weirdness & Mutations

You passively map the area around you.
You are easily found by Zot.
You glow in the dark.
You regain HP and MP as you explore.


Message History

* * * LOW HITPOINT WARNING * * *
The gnoll closely misses you.
Things that are here:
a +0 spear; a gnoll corpse You barely miss the gnoll.
The gnoll sergeant hits you from afar with a +2 spear of freezing.
* * * LOW HITPOINT WARNING * * *
The gnoll sergeant freezes you.
* * * LOW HITPOINT WARNING * * *
The gnoll hits you but does no damage.
The gnoll hits you from afar with a +0 halberd of venom.
* * * LOW HITPOINT WARNING * * *
You are poisoned.
You gain the combat prowess of a mighty hero.
You feel very sick.
The gnoll sergeant hits you from afar with a +2 spear of freezing.
* * * LOW HITPOINT WARNING * * *
The gnoll sergeant freezes you.
* * * LOW HITPOINT WARNING * * *
The gnoll hits you but does no damage. The gnoll misses you.
You hit the gnoll. You burn the gnoll.
The gnoll is moderately wounded.
You feel sick. The gnoll hits you with a +0 spear.
* * * LOW HITPOINT WARNING * * *
The gnoll sergeant hits you from afar with a +2 spear of freezing.
* * * LOW HITPOINT WARNING * * *
The gnoll sergeant freezes you.
* * * LOW HITPOINT WARNING * * *
The gnoll closely misses you.
You slash the gnoll! You burn the gnoll.
You kill the gnoll!
Okawaru accepts your kill.
You feel sick.
The gnoll hits you from afar with a +0 halberd of venom.
* * * LOW HITPOINT WARNING * * *
You are lethally poisoned!
The gnoll sergeant hits you from afar with a +2 spear of freezing!
* * * LOW HITPOINT WARNING * * *
The gnoll sergeant freezes you.
You die...

# ###.###* #...........#
# * ...> #.########.## #
** ..## * #.# ####.## #
..# * #.# #...## # * **
..# #.####.##.## # *
***### #.##...###.## # *
# #.##.### ##.# .*
#####.######.#...######.
. *
#....gg@[......#........
.. ,
#.###g########...######.
, * ,
#,.................. , *
*** ##################
,* * * * * ,


You could see a gnoll sergeant and 2 gnolls.

Vanquished Creatures
  Grinder (D:3)
  A water moccasin (D:5)
  2 sky beasts
  An ice beast (D:5)
  A black bear (D:5)
  2 ogres
  A phantom (D:5)
  A bullfrog (D:6)
  A scorpion (D:5)
  2 wights (D:7)
  Dowan (D:4)
  A gnoll bouda (D:7)
  An orc priest (D:5)
  2 hounds
  3 iguanas
  4 orc wizards
  6 gnolls (D:7)
  5 adders
  A worm (D:3)
  A dart slug (D:1)
  15 orcs
  8 endoplasms
  3 giant cockroaches
  6 goblins
  3 hobgoblins
  A kobold (D:2)
  3 quokkas
  5 ball pythons
  5 bats
  A frilled lizard (D:1)
  4 rats
92 creatures vanquished.

Notes
Turn   | Place    | Note
-------+----------+-------------------------------------------
     0 | D:1      | lunkers the Meteoran Wanderer began the quest for the Orb.
     0 | D:1      | lunkers set off with the following items: a +0 dagger, 4
                  | throwing nets, a wand of polymorph (4), a scroll of
                  | teleportation, a +0 leather armour; and the following spell
                  | memorised: Slow; and the following spells available to
                  | memorise: Confusing Touch.
     0 | D:1      | Reached XP level 1. HP: 16/16 MP: 3/3
    71 | D:1      | Found a faded altar of an unknown god.
    97 | D:1      | Reached skill level 1 in Short Blades
   120 | D:1      | Reached XP level 2. HP: 19/23 MP: 5/5
   430 | D:2      | Reached XP level 3. HP: 23/28 MP: 6/6
   490 | D:2      | Reached skill level 1 in Axes
   618 | D:3      | Reached skill level 2 in Axes
   625 | D:3      | Reached XP level 4. HP: 20/35 MP: 7/7
   746 | D:3      | Reached skill level 3 in Axes
   750 | D:3      | Reached XP level 5. HP: 13/40 MP: 8/8
   797 | D:3      | Noticed Grinder
   818 | D:3      | Killed Grinder
   819 | D:3      | Reached skill level 4 in Axes
   819 | D:3      | Reached skill level 6 in Axes
   819 | D:3      | Reached XP level 6. HP: 24/47 MP: 9/9
   942 | D:4      | Noticed a sky beast
   958 | D:3      | Killed a sky beast
   959 | D:3      | Reached skill level 7 in Axes
   959 | D:3      | Reached XP level 7. HP: 20/52 MP: 10/10
  1040 | D:4      | Noticed Dowan
  1040 | D:4      | Noticed Duvessa
  1136 | D:4      | Found a staircase to the Ecumenical Temple.
  1149 | Temple   | Entered the Ecumenical Temple
  1160 | Temple   | Identified a scroll of acquirement
  1160 | Temple   | Acquired a manual of Axes
  1266 | Temple   | Became a worshipper of Warmaster Okawaru
  1282 | D:4      | Reached skill level 8 in Axes
  1291 | D:4      | Killed Dowan
  1292 | D:4      | Reached skill level 9 in Axes
  1321 | D:4      | Reached XP level 8. HP: 39/59 MP: 11/11
  1338 | D:5      | Entered Level 5 of the Dungeon
  1345 | D:5      | Reached skill level 10 in Axes
  1498 | D:5      | Reached skill level 11 in Axes
  1506 | D:5      | Reached skill level 12 in Axes
  1506 | D:5      | Reached * piety under Okawaru
  1543 | D:5      | Reached skill level 13 in Axes
  1635 | D:5      | Gained mutation: You passively map the area around you.
                  | [Meteoran growth]
  1635 | D:5      | Reached XP level 9. HP: 41/64 MP: 12/12
  1733 | D:6      | Reached skill level 14 in Axes
  2016 | D:6      | Identified the +3 leather armour of Boredom {MP+9 Str+3}
  2192 | D:7      | Reached skill level 5 in Fighting
  2196 | D:7      | HP: 2/71 [gnoll sergeant/+2 spear of freezing (8)]
  2196 | D:7      | Slain by a gnoll sergeant

Illustrated notes

Levels and vault maps discovered:
D:1:      minmay_arrival_stone_box, layout_loops_ring,
          dreamdust_ecumenical_altar_statues, minmay_heptomino_l4
D:2:      layout_rooms
D:3:      minmay_spotlight, layout_basic, minmay_misc_feat_secret_circle,
          minivault_24, uniq_grinder
D:4:      dreamdust_elfheim, layout_cave_pools,
          mainiacjoe_overflow_large_starburst, minmay_temple_entry_junction_2,
          uniq_duvessa
D:5:      layout_basic, grunt_ministairs_3
D:6:      layout_loops_ring, marbit_many_paths
D:7:      layout_loops_ring, nicolae_concentric_dashed_squares_wild
Temple:   compressed_dpeg_triangle_lava_temple

Skill      XL: |  1  2  3  4  5  6  7  8  9 |
---------------+----------------------------+-----
Short Blades   | 1 2 |  2.4
Axes           | 2 3 6 7 9 13 14 | 14.0
Fighting       | 5 |  5.0
Dodging        | |  3.6
Spellcasting   | |  1.3
Hexes          | |  3.6
Evocations     | |  2.4

Action                     |  1- 3 |  4- 6 |  7- 9 || total
---------------------------+-------+-------+-------++-------
  Melee: Dagger            |    70 |       |       ||    70
         Punch             |     2 |       |     2 ||     4
         War axe           |    24 |    55 |   132 ||   211
   Cast: Slow              |     1 |       |       ||     1
 Invoke: Heroism           |       |       |     2 ||     2
    Use: Potion            |       |     1 |       ||     1
         Scroll            |       |       |    11 ||    11
 Armour: Leather armour    |    22 |     4 |    23 ||    49
         Skin              |       |    17 |       ||    17
  Dodge: Dodged            |    38 |    14 |    73 ||   125

Table legend: (Time is in decaauts)
 A = Elapsed time spent in this place.
 B = Non-inter-level travel time spent in this place.
 C = Inter-level travel time spent in this place.
 D = Time resting spent in this place.
 E = Time spent auto-exploring this place.
 F = Levels seen in this place.
 G = Mean time per level.
                   A        B        C        D        E       F      G
               +--------+--------+--------+--------+--------+-----+--------+
         Total |   2206 |   2105 |    101 |      0 |   1255 |   8 |  275.8 |
       Dungeon |   2079 |   1995 |     84 |      0 |   1255 |   7 |  297.0 |
        Temple |    127 |    110 |     17 |      0 |      0 |   1 |  127.0 |
               +--------+--------+--------+--------+--------+-----+--------+

Top non-repeatable levels by time:
     D:3: 494 daAuts
     D:6: 397 daAuts
     D:1: 348 daAuts
     D:5: 315 daAuts
     D:2: 247 daAuts
     D:4: 147 daAuts
     D:7: 130 daAuts
  Temple: 127 daAuts
